 Dungeon Crawl Stone Soup version 0.29.1-2-gbd0b4ee654 (webtiles) character file.

Game seed: 15867461301471933303

139 kyanize the Covered (level 5, 0/47 HPs)
             Began as a Minotaur Fighter on Nov 14, 2022.
             Killed from afar by a hobgoblin (1 damage)
             ... with a puff of flame
             ... on level 3 of the Dungeon.
             The game lasted 00:10:27 (2246 turns).

kyanize the Covered (Minotaur Fighter)              Turns: 2246, Time: 00:10:28

Health: 0/47       AC:  8    Str: 22    XL:     5   Next: 1%
Magic:  4/4        EV:  9    Int:  5    God:
Gold:   134        SH:  4    Dex: 10    Spells: 4/4 levels left

rFire   . . .      SeeInvis .   m - +0 flail
rCold   . . .      Faith    .   c - +0 buckler
rNeg    . . .      Spirit   .   b - +0 scale mail
rPois   .          Reflect  .   (helmet restricted)
rElec   .          Harm     .   (no cloak)
rCorr   .          Rampage  .   r - +0 pair of gloves
Will    .....                   (no boots)
Stlth   ..........              (no amulet)
HPRegen 0.15/turn               (no ring)
MPRegen 0.09/turn               (no ring)

@: no status effects
A: horns 2, retaliatory headbutt
a: no special abilities


You were on level 3 of the Dungeon.
You visited 1 branch of the dungeon, and saw 3 of its levels.

You collected 134 gold pieces.

Inventory:

Hand Weapons
 f - a +0 sling
 g - a +1 hand axe of flaming
 k - a +0 dagger of venom
 m - a +0 flail (weapon)
 p - a +2 dagger of speed
Missiles
 h - 2 poisoned darts (quivered)
 i - 17 stones
Armour
 b - a +0 scale mail (worn)
 c - a +0 buckler (worn)
 r - a +0 pair of gloves (worn)
Scrolls
 n - 2 scrolls of immolation
 q - a scroll of fear
 s - a scroll of teleportation
Potions
 a - 2 potions of lignification
 d - a potion of might
 e - 2 potions of curing {unknown}
 j - 2 potions of magic {unknown}
 l - a potion of mutation {unknown}
 o - a potion of haste {unknown}


   Skills:
 + Level 4.3 Fighting
 + Level 3.0 Long Blades
 + Level 1.0(1.4) Axes
 + Level 1.5(1.8) Maces & Flails
 + Level 4.8 Armour
 + Level 0.4 Dodging
 + Level 0.2 Stealth
 + Level 4.5 Shields


You had 4 spell levels left.
You didn't know any spells.
Your spell library contained the following spells:

 Spells                   Type           Power      Damage    Failure   Level
 Poisonous Vapours        Pois/Air       0%         N/A       95%         2
 Corpse Rot               Necr/Pois/Air  0%         N/A       100%        4


Dungeon Overview and Level Annotations

Branches:
Dungeon (3/15)

Altars:

Shops:
D:1 (

Annotations:
D:3 Grinder


Innate Abilities, Weirdness & Mutations

You have a pair of horns on your head.
You reflexively headbutt those who attack you in melee.


Message History

The kobold throws a stone.
The stone closely misses you. You block the kobold's attack.
You closely miss the kobold. The kobold closely misses you. Grinder hits you.
You writhe in agony.
The kobold hits you but does no damage. Grinder hits you but does no damage.
You barely miss the kobold. The kobold hits you but does no damage.
Grinder hits you but does no damage.
You completely miss the kobold. The kobold hits you but does no damage.
Grinder barely misses you.
You miss the kobold. Your headbutt misses the kobold.
The kobold barely misses you. You furiously retaliate!
You headbutt the kobold!
You kill the kobold!
You block Grinder's attack. Grinder gestures at you.
Pain shoots through your body!
You hit Grinder but do no damage.
Grinder blinks!
Things that are here:
a +0 short sword; 3 stones; a kobold corpse
i - 17 stones (gained 3)
A hobgoblin comes into view. It is carrying a wand of flame (17).
Grinder gestures at you.
You suddenly lose the ability to move!
The hobgoblin zaps a wand.
The puff of flame hits you. Grinder hits you!
You writhe in agony.
* * * LOW HITPOINT WARNING * * *
You can move again.
You barely miss Grinder.
The hobgoblin zaps a wand.
The puff of flame hits you.
* * * LOW HITPOINT WARNING * * *
Grinder barely misses you. You furiously retaliate!
You headbutt Grinder.
Okay, then.
You closely miss Grinder.
Grinder is lightly wounded.
Grinder hits you.
* * * LOW HITPOINT WARNING * * *
You writhe in agony.
* * * LOW HITPOINT WARNING * * *
You closely miss Grinder. Your headbutt misses Grinder.
Grinder is lightly wounded.
The hobgoblin zaps a wand.
The puff of flame hits you.
You die...

###.# *,,* **,* #.†.. #.# *,**
*..* ####. #.#***,**** ####.#*
#####. * #..,,,,,,,*
#....####*#*#..... **##.,,,,,,,*
#........,..#.###. ,,,,,,,,,,,,*
#.....##.##.......
****,,,,,...####.....#...#.##.##.
*,,,,,.....g.5..........#...#.
***,,,*,,,,*#@....#...#.......
*,,,,,,,,*#.....##.......†#.
*,*,_,*,,*#............#.##.
*,,,,,,,,*#....##.#.........
*,,,*,,,**#....#........##.#
*,,,,,,,* ##.#.......#...#.#
********* #.#.#...#........
#.#.##.##.#...#..
#.........##.##.#


You could see Grinder and a hobgoblin.

Vanquished Creatures
  4 gnolls (D:2)
  2 adders
  2 dart slugs
  9 ball pythons (D:1)
  11 endoplasms
  3 giant cockroaches
  8 hobgoblins
  4 jackals (D:1)
  3 quokkas
  5 bats
  5 frilled lizards
  3 goblins
  10 kobolds
  8 rats
77 creatures vanquished.

Notes
Turn   | Place    | Note
-------+----------+-------------------------------------------
     0 | D:1      | kyanize the Minotaur Fighter began the quest for the Orb.
     0 | D:1      | Reached XP level 1. HP: 19/19 MP: 0/0
    36 | D:1      | Reached XP level 2. HP: 27/27 MP: 1/1
   145 | D:1      | Found Huaxuqex's Antique Weapon Shop.
   399 | D:1      | Reached XP level 3. HP: 33/33 MP: 2/2
   548 | D:1      | Found a faded altar of an unknown god.
  1363 | D:2      | Reached XP level 4. HP: 40/40 MP: 3/3
  1382 | D:2      | Reached skill level 1 in Maces & Flails
  1705 | D:2      | Reached skill level 1 in Axes
  2200 | D:3      | Reached XP level 5. HP: 47/47 MP: 4/4
  2230 | D:3      | Noticed Grinder
  2240 | D:3      | Paralysed by Grinder for 4 turns
  2245 | D:3      | HP: 1/47 [Grinder (6)]
  2246 | D:3      | Killed from afar by a hobgoblin

Illustrated notes

Levels and vault maps discovered:
D:1:      heliophobic_arrival_ceremonial_halls, layout_basic,
          nicolae_ecumenical_snake_handling, serial_shops,
          nicolae_shop_hallway_stairs, st_stairs_13
D:2:      layout_loops_ring, minmay_tiny_reverse_x
D:3:      layout_rooms, mainiacjoe_overflow_surrounded_room,
          vehumet_altar_wand_db, hangedman_decor_clover_reticule, uniq_grinder,
          uniq_terence, uniq_natasha

Skill      XL: |  1  2  3  4 |
---------------+-------------+-----
Fighting       | 4 |  4.3
Shields        | 4 |  4.5
Armour         | 4 |  4.8
Maces & Flails | 1 |  1.5
Long Blades    | 3 |  3.0
Axes           | 1 |  1.0
Dodging        | |  0.4
Stealth        | |  0.2

Action                   |  1- 3 |  4- 6 || total
-------------------------+-------+-------++-------
Melee: Long sword        |    29 |       ||    29
       Headbutt          |    13 |    11 ||    24
       Hand axe          |    52 |       ||    52
       Flail             |       |    69 ||    69
  Use: Scroll            |     3 |     3 ||     6
Armor: Scale mail        |    25 |    26 ||    51
Dodge: Dodged            |    42 |    30 ||    72
Block: Buckler           |    16 |    17 ||    33
